 Dungeon Crawl Stone Soup version 0.27.0-1-g7a089689b8 (webtiles) character file.

Game seed: 14318283978311863515

177 unlimited1921 the Magician (level 5, -2/35 HPs)
             Began as a Djinni Hedge Wizard on Aug 14, 2021.
             Slain by an orc wizard (4 damage)
             ... on level 3 of the Dungeon.
             The game lasted 00:32:46 (4384 turns).

unlimited1921 the Magician (Djinni Hedge Wizard)    Turns: 4384, Time: 00:32:47

Health: -2/35      AC:  2    Str:  9    XL:     5   Next: 87%
Gold:   100        EV: 13    Int: 16    God:
                   SH:  0    Dex: 13

rFire    + + .     SeeInvis .   a - +0 dagger
rCold    x . .     Faith    .   (no shield)
rNeg     . . .     Spirit   .   b - +0 robe
rPois    ∞         Reflect  .   c - +0 hat
rElec    .         Harm     .   (no cloak)
rCorr    .         Rampage  .   (no gloves)
Will     .....                  (boots unavailable)
Stlth    ++........             (no amulet)
HPRegen  0.11/turn              d - ring of wizardry
MPRegen  0.00/turn              p - ring of magical power

@: brilliant, flying
A: sickness immunity, fire resistance 2, cold vulnerability 1, float, innate
caster, hp casting, extra vitality 1
a: no special abilities


You were on level 3 of the Dungeon.
You visited 1 branch of the dungeon, and saw 3 of its levels.

You collected 100 gold pieces.

Inventory:

Hand Weapons
 a - a +0 dagger (weapon)
 f - a +0 hand axe
 i - a +0 short sword
 k - a +0 rapier
 m - a +3 club
 q - a +0 whip
 r - a +0 hunting sling
Missiles
 h - 44 bolts
 j - 15 arrows
 l - 3 atropa-tipped darts (quivered)
 s - 17 stones
Armour
 b - a +0 robe (worn)
 c - a +0 hat (worn)
Jewellery
 d - a ring of wizardry (left hand)
 p - a ring of magical power (right hand)
Scrolls
 e - 2 scrolls of enchant weapon {unknown}
 g - 2 scrolls of identify {unknown}
 n - a scroll of fog {unknown}
Potions
 t - a potion of lignification {unknown}


   Skills:
 * Level 3.5 Dodging
 + Level 2.3 Stealth
 + Level 4.0 Spellcasting


You couldn't memorise any spells.
You knew the following spells:

 Your Spells              Type           Power      Damage    Failure   Level
a - Magic Dart            Conj           96%        1d7       1%          1
b - Blink                 Tloc           N/A        N/A       1%          2
c - Call Imp              Summ           24%        N/A       1%          2
d - Slow                  Hex            24%        N/A       1%          2
e - Conjure Flame         Conj/Fire      24%        6-21      4%          3
f - Mephitic Cloud        Conj/Pois/Air  24%        N/A       4%          3
g - Apportation           Tloc           48%        N/A       1%          1
h - Passwall              Tmut/Erth      20%        N/A       1%          2
Your spell library was empty.

Dungeon Overview and Level Annotations

Branches:
Dungeon (3/15)

Altars:


Innate Abilities, Weirdness & Mutations

You are immune to sickness and miasma.
You are immune to poison.
Your flesh is very heat resistant. (rF++)
You are vulnerable to cold. (rC-)
You float through the air rather than walking.
You learn spells naturally, not from books.
Your magical power is your life essence.
You have superior vitality. (+4 HP)


Message History

The giant cockroach bites you.
* * * LOW HITPOINT WARNING * * *
Your crimson imp blinks!
The goblin throws a stone.
The stone closely misses your crimson imp.
The stone closely misses the giant cockroach.
The stone closely misses you.
Casting: Magic Dart (safe; 1% risk of failure)
Confirm with . or Enter, or press ? or * to list all spells.
You don't know that spell.
Unknown command.
A bat comes into view.
Your crimson imp blinks!
The giant cockroach closely misses you.
Your shadow imp barely misses your crimson imp.
Your shadow imp hits itself.
The goblin throws a stone.
The stone hits your shadow imp but does no damage.
You closely miss something.
Your shadow imp seems less confused.
The bat hits you but does no damage. The bat barely misses you.
You hear some strange, mumbled words.
A puff of flame appears from out of thin air!
The puff of flame hits you. You resist.
* * * LOW HITPOINT WARNING * * *
An orc comes into view. It is wielding a +0 hand axe.
The giant cockroach closely misses you.
The goblin hits your shadow imp with a +0 club.
Your crimson imp barely misses the goblin.
The bat misses you.
Casting: Magic Dart (safe; 1% risk of failure)
Confirm with . or Enter, or press ? or * to list all spells.
Aiming: Magic Dart (safe; 1% risk of failure)
Press: ? - help, Shift-Dir - straight line, f/p - giant cockroach
Aim: a giant cockroach (severely wounded, ally target, 100% to hit)
Okay, then.
Unknown command.
It was a potion of brilliance.
You feel clever all of a sudden. The bat misses you. Something hits you.
You die...

..... ...# ### #..# ...
#..# ## #.##..# ...
#.....## ########....
.##.<...# #...........
#....†...#####5##B..####
.>......g5g5...{@b###
.........o.)#######
.........†)##
.....#....## ######.††##
#.... #..## .... #...


You could see an orc, a giant cockroach (ally target), a goblin, a bat, 2
friendly crimson imps and a friendly shadow imp (summoned).

Vanquished Creatures
  A dart slug (D:1)
  A ball python (D:1)
  5 bats
  3 endoplasms (D:1)
  A giant cockroach (D:3)
  5 goblins
  2 hobgoblins (D:1)
  A quokka (D:1)
  A frilled lizard (D:1)
  2 rats (D:1)
22 creatures vanquished.

Vanquished Creatures (collateral kills)
  Sigmund (D:2)
  Jessica (D:2)
  Natasha (thrice) (D:2)
  3 orcs (D:3)
  3 endoplasms
  10 giant cockroaches
  3 goblins (D:2)
  7 jackals
  A quokka (D:2)
  2 ball pythons (D:2)
  2 kobolds (D:1)
  A rat (D:1)
37 creatures vanquished.

Vanquished Creatures (others)
  A fungus (D:1)
1 creature vanquished.

Grand Total: 60 creatures vanquished

Notes
Turn   | Place    | Note
-------+----------+-------------------------------------------
     0 | D:1      | unlimited1921 the Djinni Hedge Wizard began the quest for
                  | the Orb.
     0 | D:1      | Reached XP level 1. HP: 15/15 MP: 0/0
   474 | D:1      | Reached XP level 2. HP: 19/21 MP: 0/0
  1693 | D:1      | Reached XP level 3. HP: 24/25 MP: 0/0
  1693 | D:1      | Learned a level 1 spell: Apportation
  1698 | D:1      | Reached skill level 3 in Spellcasting
  3235 | D:2      | Noticed Natasha
  3255 | D:2      | Killed Natasha
  3476 | D:2      | Reached XP level 4. HP: 26/31 MP: 0/0
  3479 | D:2      | Noticed Jessica
  3483 | D:2      | Killed Jessica
  3543 | D:2      | Noticed Natasha
  3549 | D:2      | Killed Natasha
  3571 | D:2      | Noticed Natasha
  3592 | D:2      | Killed Natasha
  4066 | D:2      | Noticed Sigmund
  4074 | D:2      | Killed Sigmund
  4075 | D:2      | Reached XP level 5. HP: 24/35 MP: 0/0
  4075 | D:2      | Learned a level 2 spell: Passwall
  4374 | D:3      | Reached skill level 4 in Spellcasting
  4384 | D:3      | Slain by an orc wizard

Illustrated notes

Levels and vault maps discovered:
D:1:      dpeg_cavernosity, layout_basic, chequers_serial_rivers_room_b
D:2:      layout_basic, roderic_roman_lattice, uniq_jessica, uniq_sigmund,
          uniq_natasha
D:3:      minmay_roachtagon, layout_rooms,
          hellmonk_ecumenical_altar_prayer_group, minmay_surrounded

Skill      XL: |  1  2  3  4  5 |
---------------+----------------+-----
Spellcasting   | 3 4 |  4.0
Dodging        | 3 |  3.5
Stealth        | 2 |  2.3

Action                   |  1- 3 |  4- 6 || total
-------------------------+-------+-------++-------
Melee: Dagger            |     2 |     2 ||     4
 Cast: Magic Dart        |    49 |     5 ||    54
       Call Imp          |    29 |    32 ||    61
       Apportation       |     1 |       ||     1
       Conjure Flame     |     1 |       ||     1
       Blink             |     1 |       ||     1
  Use: Potion            |       |     1 ||     1
 Stab: Sleeping          |     1 |     1 ||     2
Armor: Robe              |     3 |     5 ||     8
Dodge: Dodged            |    20 |    26 ||    46
